 Dungeon Crawl Stone Soup version 0.30-a0-335-ge5acde7520 (webtiles) character file.

Game seed: 2572510036932670673

70 Shayle the Poker (level 4, -4/36 (40) HPs)
             Began as a Naga Reaver on Oct 30, 2022.
             Slain by an orc
             ... wielding a +0 morningstar
              (11 damage)
             ... on level 3 of the Dungeon on Oct 31, 2022.
             The game lasted 00:07:16 (2486 turns).

Shayle the Poker (Naga Reaver)                      Turns: 2486, Time: 00:07:17

HP:   -4/36 (40)    AC:  4    Str: 15    XL:     4   Next: 22%
MP:   7/7           EV:  8    Int: 15    God:
Gold: 111           SH:  0    Dex:  9    Spells: 6/7 levels left

rFire   . . .      SeeInvis +    g - +3 short sword
rCold   . . .      Faith    .    (no shield)
rNeg    . . .      Spirit   .    h - +0 ring mail
rPois   +          Reflect  .    (no helmet)
rElec   .          Harm     .    j - +0 cloak
rCorr   .          Rampage  .    (no gloves)
Will    .....                    (no barding)
Stlth   +.........               (no amulet)
HPRegen 0.26/turn                (no ring)
MPRegen 0.10/turn                (no ring)

@: short of breath, heavily drained, very slow
A: AC +1, large, see invisible, deformed body, poison resistance, slowness 2,
spit poison 1, naga tail 1
a: Spit Poison


You were on level 3 of the Dungeon.
You visited 1 branch of the dungeon, and saw 3 of its levels.

You collected 151 gold pieces.
You spent 40 gold pieces at shops.

Inventory:

Hand Weapons
 a - a +0 spear
 c - a +1 vampiric dagger
 g - a +3 short sword (weapon)
Armour
 b - a +0 leather armour
 h - a +0 ring mail (worn)
 j - a +0 cloak (worn)
Scrolls
 e - 2 scrolls of teleportation {unknown}
 i - a scroll of butterflies {unknown}
 k - a scroll of blinking {unknown}
 l - 5 scrolls of identify
 m - a scroll of fear {unknown}
Potions
 d - a potion of attraction {unknown}
 n - a potion of degeneration {unknown}
 o - a potion of haste {unknown}


   Skills:
 + Level 2.7 Fighting
 + Level 3.5 Polearms
 + Level 2.2 Dodging
 + Level 2.9 Stealth
 - Level 2.0 Spellcasting
 - Level 3.0 Conjurations


You had 6 spell levels left.
You knew the following spells:

 Your Spells              Type           Power      Damage    Failure   Level
a - Kiss of Death         Conj/Necr      24%        2d7       24%         1

Your spell library contained the following spells:

 Spells                   Type           Power      Damage    Failure   Level
 Momentum Strike          Conj/Tloc      12%        3d8       34%         2
 Slow                     Hex            4%         N/A       41%         1
 Hailstorm                Conj/Ice       6%         3d4       56%         3
 Confusing Touch          Hex            1%         N/A       78%         3
 Vampiric Draining        Necr           1%         2d6       78%         3


Dungeon Overview and Level Annotations

Branches:
Dungeon (3/15)

Altars:

Shops:
D:1 [*


Innate Abilities, Weirdness & Mutations

Your serpentine skin is tough. (AC +1)
You have supernaturally acute eyesight. (SInv)
Armour fits poorly on your strangely shaped body.
Your system is resistant to poisons. (rPois)
You cover ground very slowly.
You can spit poison.
You have a snake-like lower body.


Message History

The orc priest hits you but does no damage.
You hit the orc priest but do no damage.
The orc priest is moderately wounded.
The orc closely misses you.
The orc priest miscasts a cantrip.
The orc priest calls down the wrath of Beogh upon you.
Beogh smites you! The orc hits you but does no damage.
Unknown command.
You feel better.
You have got your breath back.
The orc closely misses you. The orc hits you with a +0 morningstar.
Aiming: Spit Poison (1% risk of failure)
Press: ? - help, Shift-Dir - straight line, f/p - orc priest
Aim: an orc priest, wielding a +0 club and wearing a +0 scale mail (heavily wounded, poisoned, 65% to hit)
Okay, then.
You closely miss the orc priest.
The orc priest is heavily wounded.
The orc priest looks more healthy.
The orc hits you with a +0 morningstar.
The orc priest hits you but does no damage.
Unknown command.
Aiming: Spit Poison (1% risk of failure)
Press: ? - help, Shift-Dir - straight line, f - orc priest, p - orc priest
Aim: an orc priest, wielding a +0 short sword (59% to hit)
The splash of poison hits the orc priest!
The orc priest is severely wounded.
The orc priest hits you but does no damage.
The orc priest mumbles some strange prayers to Beogh against you.
Pain shoots through your body! The orc hits you with a +0 war axe.
* * * LOW HITPOINT WARNING * * *
The orc hits you but does no damage.
Unknown command.
You feel better. The orc hits you with a +0 morningstar.
The orc barely misses you.
The orc priest hits you but does no damage.
You barely miss the orc priest.
The orc priest is heavily wounded.
The orc hits you with a +0 war axe.
* * * LOW HITPOINT WARNING * * *
The orc hits you with a +0 morningstar!
You die...

....#.#.###..#
.#. #.#......#
# #.#......###
#.#.#.......
#.<....#.###
###......#
#......#
###...## #o@.#


#ooo# #...# #...# ..... ....... ......[. ###...#### You could see 2 orc priests
and 2 orcs.

Vanquished Creatures
  A worm (D:2)
  A dart slug (D:1)
  3 orcs (D:3)
  4 endoplasms
  2 giant cockroaches (D:1)
  4 hobgoblins
  4 jackals (D:1)
  7 kobolds
  6 quokkas
  10 ball pythons
  3 bats
  A frilled lizard (D:1)
  5 goblins
  3 rats
54 creatures vanquished.

Vanquished Creatures (others)
  4 demonic plants (D:2)
  5 fungi (D:2)
  3 plants (D:2)
12 creatures vanquished.

Grand Total: 66 creatures vanquished

Notes
Turn   | Place    | Note
-------+----------+-------------------------------------------
     0 | D:1      | Shayle the Naga Reaver began the quest for the Orb.
     0 | D:1      | Reached XP level 1. HP: 19/19 MP: 3/3
    68 | D:1      | Found Warchuvi's Antique Armour Boutique.
   176 | D:1      | Reached skill level 1 in Stealth
   197 | D:1      | Reached XP level 2. HP: 21/23 MP: 5/5
   662 | D:1      | Reached XP level 3. HP: 21/33 MP: 6/6
  1107 | D:1      | Found Igumucui's General Store.
  1115 | D:1      | Bought a scroll of identify for 20 gold pieces
  1115 | D:1      | Bought a scroll of identify for 20 gold pieces
  1693 | D:2      | Found a faded altar of an unknown god.
  1746 | D:2      | Reached XP level 4. HP: 29/40 MP: 7/7
  2486 | D:3      | Slain by an orc

Illustrated notes

Levels and vault maps discovered:
D:1:      wander_arrival_chamber, layout_basic, serial_shops, shop, shop,
          st_stairs_1, chequers_serial_rivers_micro_c, grunt_decor_junction,
          minmay_hexomino_p4
D:2:      minmay_door_path, layout_loops_ring, shapermc_ecumenical_altar_gd
D:3:      layout_loops_cross, xom_redecorated, general_overflow_altar,
          nicolae_overflow_crystal_walls, st_stairs_13, nrook_campfire

Skill      XL: |  1  2  3 |
---------------+----------+-----
Stealth        | 1 2 |  2.9
Dodging        | 2 |  2.2
Fighting       | |  2.7
Polearms       | |  3.5
Spellcasting   | |  2.0
Conjurations   | |  3.0

Action                   |  1- 3 |  4- 6 || total
-------------------------+-------+-------++-------
Melee: Spear             |    29 |       ||    29
       Dagger            |    44 |       ||    44
       Short sword       |    83 |    27 ||   110
       Punch             |     1 |       ||     1
 Cast: Kiss of Death     |     2 |     1 ||     3
 Abil: Spit Poison       |     8 |     5 ||    13
  Use: Scroll            |     1 |       ||     1
       Potion            |       |     3 ||     3
 Stab: Sleeping          |     3 |       ||     3
Armor: Leather armour    |    15 |       ||    15
       Ring mail         |    25 |    11 ||    36
Dodge: Dodged            |    74 |    15 ||    89

Table legend: (Time is in decaauts)
 A = Elapsed time spent in this place.
 B = Non-inter-level travel time spent in this place.
 C = Inter-level travel time spent in this place.
 D = Time resting spent in this place.
 E = Time spent auto-exploring this place.
 F = Levels seen in this place.
 G = Mean time per level.
                   A        B        C        D        E       F      G
               +--------+--------+--------+--------+--------+-----+--------+
         Total |   3157 |   3024 |    133 |    317 |   1969 |   3 | 1052.3 |
       Dungeon |   3157 |   3024 |    133 |    317 |   1969 |   3 | 1052.3 |
               +--------+--------+--------+--------+--------+-----+--------+

Top non-repeatable levels by time:
     D:1: 1683 daAuts
     D:2: 1363 daAuts
     D:3: 110 daAuts
